AoeStats
← andrew

Arabia

508472546Analyzed
1v1 RM · 9d ago on Sep 22, 2026· 30m 37s· 2 players
Game mode
Random Map
Map size
Tiny (2 player)
Population
200
Speed
Normal
Resources
Standard
Victory
Conquest
Starting age
Dark Age
Ending age
Imperial Age
RankedLock teamsTeams togetherTeam positionsShared explorationLock speedFull tech treeHidden civsTurbo modeCheats
Victory
Defeat
🇩🇪 Malians · Germany
1313
+17
🇨🇦 Goths · Canada
1330
-17
Don Cath!
7:00 Loom
9:49 Feudal Age
10:04 Man-at-Arms
10:36 Double-Bit Axe
11:33 Horse Collar
12:14 Scale Mail Armor
14:09 Forging
16:29 Fletching
20:22 Arson
25:41 Castle Age
23:43 Padded Archer Armor
24:08 Gold Mining
25:46 Long Swordsman
26:26 Squires
26:54 Chain Mail Armor
27:16 Heavy Plow
28:51 Iron Casting
30:35 Wheelbarrow
andrew
3:51 Loom
9:54 Feudal Age
10:03 Man-at-Arms
12:22 Scale Mail Armor
14:16 Double-Bit Axe
15:32 Forging
23:18 Castle Age
24:37 Crossbowman
29:09 Fletching
31:14 Chain Mail Armor
Connection lost

Rejoining the realm…

Still unreachable

The connection could not be restored.

Session expired

The server has moved on; the page needs a fresh start.